 Dungeon Crawl Stone Soup version 0.31-a0-1522-g43313d8a59 (webtiles) character file.

Game seed: 10088085694631991703

125583 Laraso the Metamorph (level 16, 0/174 HPs)
             Began as a Red Draconian Shapeshifter on Dec 31, 2023.
             Was the Champion of Makhleb.
             Constricted to death by a naga (4 damage)
             ... on level 2 of the Snake Pit.
             The game lasted 00:54:07 (33628 turns).

Laraso the Metamorph (Red Draconian Shapeshifter)  Turns: 33628, Time: 00:54:07

Health: 0/174      AC: 32    Str: 17    XL:     16   Next: 41%
Magic:  21/22      EV: 15    Int: 17    God:    Makhleb [******]
Gold:   230        SH:  0    Dex: 18    Spells: 15/23 levels left

rFire   + .          .
                       - Unarmed
rCold   + + .        (no shield)
rNeg    + . .        (body armour unavailable)
rPois   ∞            (helmet restricted)
rElec   +            h - +2 cloak
rCorr   .            p - melded +1 pair of gloves
SInv    .            N - melded +0 pair of boots
Will    +....        D - amulet of faith
Stlth   ++           a - +6 ring of intelligence
HPRegen 0.49/turn    z - ring of protection from cold
MPRegen 0.18/turn

%: faith
@: statue-form, constricted, studying Unarmed Combat, very slow
A: slow and powerful, torment resistance 1, boosted hp, (breathe fire), AC +9,
unfitting armour, fire resistance 1, cold-blooded
a: Begin Untransformation, Renounce Religion, Minor Destruction, Lesser Servant
of Makhleb, Major Destruction, Greater Servant of Makhleb


You were on level 2 of the Snake Pit.
You worshipped Makhleb.
Makhleb was exalted by your worship.
You were a living statue of rough stone.
You visited 5 branches of the dungeon, and saw 25 of its levels.
You visited 1 bazaar.

You collected 2888 gold pieces.
You spent 2658 gold pieces at shops.

Inventory:

Missiles
 A - a throwing net
Armour
 h - a +2 cloak (worn)
 p - a +1 pair of gloves (melded)
 N - a +0 pair of boots (melded)
Jewellery
 a - a +6 ring of intelligence (left fist)
 r - a ring of resist corrosion
 z - a ring of protection from cold (right fist)
 D - an amulet of faith (around neck)
Talismans
 b - a beast talisman
 c - a flux talisman
 j - a blade talisman
 M - the granite talisman "Wuhow" (active) {rC+}
   (You bought it in a shop in a bazaar)

   [granite talisman]

   rC+:       It protects you from cold.
Wands
 e - a wand of flame (32)
 q - a wand of mindburst (13)
 s - a wand of iceblast (30)
 v - a wand of light (17)
 w - a wand of paralysis (14)
 E - a wand of digging (3)
 K - a wand of polymorph (5)
Scrolls
 k - 4 scrolls of amnesia
 l - a scroll of butterflies
 n - a scroll of teleportation
 o - 6 scrolls of immolation
 t - a scroll of poison
 u - 2 scrolls of revelation
 x - a scroll of fear
 y - 3 scrolls of vulnerability
 J - a scroll of identify
 O - a scroll of blinking
Potions
 d - 4 potions of resistance
 f - 4 potions of might
 g - 6 potions of brilliance
 i - 3 potions of degeneration
 m - 3 potions of haste
 B - 6 potions of attraction
 C - 3 potions of mutation
 F - a potion of heal wounds
 G - a potion of ambrosia
 H - 3 potions of curing
 I - a potion of cancellation
 L - a potion of berserk rage
 P - a potion of enlightenment
 Q - a potion of lignification


   Skills:
 - Level 10.0 Fighting
 - Level 10.0 Dodging
 * Level 14.5 Unarmed Combat
 - Level 4.0 Spellcasting
 - Level 4.0 Necromancy
 - Level 4.0 Translocations
 - Level 7.0 Ice Magic
 - Level 7.0 Invocations
 - Level 3.0 Evocations
 + Level 18.2 Shapeshifting


You had 15 spell levels left.
You knew the following spells:

 Your Spells              Type           Power      Damage    Failure   Level
a - Ozocubu's Armour      Ice            27%        N/A       2%          3
b - Blink                 Tloc           34%        N/A       4%          2
e - Fugue of the Fallen   Necr           17%        N/A       9%          3

Your spell library contained the following spells:

 Spells                   Type           Power      Damage    Failure   Level
 Frozen Ramparts          Ice            54%        1d9       2%          3
 Lesser Beckoning         Tloc           34%        N/A       4%          2
 Gell's Gravitas          Tloc           17%        N/A       9%          3
 Teleport Other           Tloc           17%        N/A       9%          3
 Momentum Strike          Conj/Tloc      20%        3d8       11%         2
 Summon Ice Beast         Ice/Summ       15%        N/A       11%         3
 Cigotuvi's Dreadful Rot  Necr/Alch/Air  14%        N/A       14%         2
 Magic Dart               Conj           12%        1d3       16%         1
 Sandblast                Erth           6%         2d5       16%         1
 Sting                    Conj/Alch      12%        1d3       16%         1
 Call Imp                 Summ           6%         N/A       24%         2
 Mercury Vapours          Alch/Air       6%         N/A       24%         2
 Searing Ray              Conj           6%         2d4       24%         2
 Animate Dead             Necr           17%        N/A       30%         4
 Manifold Assault         Tloc           17%        N/A       30%         4
 Passage of Golubria      Tloc           17%        N/A       30%         4
 Inner Flame              Hex/Fire       3%         N/A       43%         3
 Passwall                 Erth           3%         N/A       43%         3
 Stone Arrow              Conj/Erth      6%         3d7       43%         3
 Tukima's Dance           Hex            3%         N/A       43%         3
 Metabolic Englaciation   Hex/Ice        7%         N/A       71%         5
 Brom's Barrelling Bould  Conj/Erth      3%         2d3       83%         4
 Cause Fear               Hex            1%         N/A       83%         4
 Flame Wave               Conj/Fire      3%         2d5       83%         4
 Fulminant Prism          Conj/Alch      1%         3d5       83%         4
 Ignite Poison            Fire/Alch      3%         N/A       83%         4
 Leda's Liquefaction      Alch/Erth      1%         N/A       83%         4
 Olgreb's Toxic Radiance  Alch           3%         N/A       83%         4
 Petrify                  Alch/Erth      3%         N/A       83%         4
 Sticky Flame             Fire/Alch      3%         2d4       83%         4
 Freezing Cloud           Conj/Ice/Air   5%         6-21      86%         5
 Borgnjor's Vile Clutch   Necr/Erth      5%         N/A       88%         5
 Summon Forest            Summ/Tloc      5%         N/A       88%         5
 Fireball                 Conj/Fire      1%         3d3       99%         5
 Silence                  Hex/Air        1%         N/A       99%         5
 Summon Mana Viper        Hex/Summ       3%         N/A       99%         5
 Yara's Violent Unravell  Hex/Alch       1%         3d3       99%         5
 Death Channel            Necr           8%         N/A       99%         6
 Summon Cactus Giant      Summ           1%         N/A       100%        6
 Monstrous Menagerie      Summ           1%         N/A       100%        7
 Lehudib's Crystal Spear  Conj/Erth      1%         10d2      100%        8
 Dragon's Call            Summ           1%         N/A       100%        9


Dungeon Overview and Level Annotations

Branches:
Dungeon (15/15)            Temple (1/1) D:6            Lair (5/5) D:9
  Swamp (0/4) Lair:3        Snake (2/4) Lair:2        Slime (0/5) Lair:4
    Orc (2/2) D:10            Elf (0/3) Orc:2        Vaults (0/5) D:13
 Depths (0/4) D:15

Altars:
Ashenzari
Cheibriados
Dithmenos
Elyvilon
Fedhas
Gozag
Hepliaklqana
Kikubaaqudgha
Makhleb
Nemelex Xobeh
Okawaru
Qazlal
Ru
Sif Muna
Trog
Uskayaw
Vehumet
Wu Jian
Xom
Yredelemnul
Zin
The Shining One

Shops:
D:4 **   D:8 =*?   D:12 :   Orc:2 [=*(   Snake:1 :(

Portals:
Trove: D:13 (give 17 potions of curing)

Annotations:
D:9 whatisthis's ghost, novice HuBe


Innate Abilities, Weirdness & Mutations

You are a living statue of rough stone.
Your actions are slow, but your melee attacks are powerful.
You are resistant to unholy torment.
Your maximum health is greatly increased.
Your equipment is partially melded.
((You can breathe blasts of fire.))
((Your fiery red scales are hard. (AC +9)))
You cannot fit into any form of body armour.
You are immune to poison.
Your flesh is heat resistant. (rF+)
You are cold-blooded and may be slowed by cold attacks.


Message History

The naga warrior constricts you. The naga hits you but does no damage.
You completely miss the naga warrior.
The naga warrior is almost dead.
The naga warrior hits you with a +0 battleaxe!
* * * LOW HITPOINT WARNING * * *
The naga warrior constricts you. The naga hits you but does no damage.
Unknown command.
You pummel the naga warrior!!
You kill the naga warrior!
Makhleb accepts your kill.
You feel better. The naga misses you.
Unknown command.
Okay, then.
Your icy armour cracks and falls away as you move.
The naga hits you with a +0 halberd!!
* * * LOW HITPOINT WARNING * * *
The naga barely misses you.
Things that are here:
a +0 battleaxe; a +0 robe of positive energy; a naga corpse Unknown command.
Unknown command.
You completely miss the naga. The naga hits you but does no damage.
The naga misses you. The naga barely misses you. The naga grabs you.
The naga constricts you.
* * * LOW HITPOINT WARNING * * *
Unknown command.
You punch the naga!
Your tail-slap misses the naga.
You punch the naga.
The naga is heavily wounded.
The naga no longer looks unusually strong.
The naga spits poison at you. The splash of poison misses you.
The naga constricts you.
Unknown command.
You punch the naga!
The naga is almost dead.
The naga misses you. The naga constricts you.
Unknown command.
You closely miss the naga.
The naga is almost dead.
The naga barely misses you. The naga constricts you.
You die...

#.......# ###### ##......
###...######....######......
#..)).##......>N.N........
##...#####........##......
###.# #.#####....†..... #..#
##.#####.......... ##)#
#..#..............
#..####.................
#))##..8N#.............#
#####))#....##..............
#......)...###..........####
#....)))...#.......[....#
#....)...)...#..#########
#..)...........##
#.)........#####
#.>........# #..........#


You could see a naga (catching breath).

Vanquished Creatures
  Kirke (Lair:2)
  A nagaraja (Snake:2)
  A fire giant (D:13)
  An orc warlord (Orc:2)
  A very ugly thing (D:12)
  Azrael (D:13)
  An ettin (D:15)
  Josephine (D:14)
  A vault guard (D:13)
  Erolcha (D:10)
  2 fire dragons
  8 hydras
  An ogre mage (D:12)
  A catoblepas (Lair:4)
  7 two-headed ogres
  6 centaur warriors
  A death knight (D:13)
  4 boulder beetles
  A tengu warrior (D:15)
  5 naga warriors
  2 shock serpents (Snake:2)
  An occultist (D:12)
  An orc high priest (Orc:2)
  3 naga sharpshooters (Snake:1)
  3 skysharks (Lair:4)
  A fire crab (Lair:5)
  A salamander mystic (Snake:2)
  A deep troll (D:15)
  2 naga ritualists (Snake:2)
  2 bog bodies (Lair:3)
  Lodul (D:10)
  7 slime creatures
  A phantasmal warrior (D:13)
  Pikel (D:8)
  An orc sorcerer (Orc:2)
  3 orc knights
  2 deep elf pyromancers
  7 mana vipers (Snake:2)
  8 manticores
  6 salamanders
  24 ugly things
  3 cyclopes
  Joseph (D:10)
  An elephant (Lair:4)
  3 meliai (D:15)
  A naga mage (Snake:1)
  18 black mambas
  A black mamba (shapeshifter) (D:15)
  A kobold blastminer (Orc:1)
  3 molten gargoyles (Lair:5)
  A torpor snail (Lair:2)
  14 cane toads
  2 kobold demonologists
  Jeremiah (D:8)
  An unseen horror (D:11)
  A freezing wraith (D:13)
  10 komodo dragons
  A rime drake (Lair:3)
  2 efreet
  7 trolls
  A tengu conjurer (D:15)
  Psyche (D:8)
  A troll (shapeshifter) (D:13)
  A polar bear (Lair:4)
  13 blink frogs
  2 hornets (D:8)
  4 shadows
  5 water elementals
  9 wraiths
  A ynoxinul (D:9)
  5 fire elementals
  6 wyverns
  55 yaks
  7 basilisks
  4 steam dragons
  10 vampire mosquitoes
  5 wargs
  9 nagas
  Menkaure (D:5)
  20 water moccasins
  5 hell hounds
  An ice beast (D:6)
  23 orc warriors
  2 black bears
  14 ogres
  29 wolves
  3 centaurs
  A lemure (D:8)
  3 kobold brigands
  A gnoll sergeant (D:7)
  5 scorpions
  16 bullfrogs
  9 killer bees
  5 howler monkeys
  7 electric eels
  8 lava snakes
  3 jellies (D:6)
  A bombardier beetle (D:7)
  21 orc priests
  2 sleepcaps
  A gnoll bouda (D:7)
  3 iguanas
  36 orc wizards
  5 hell rats (Lair:2)
  A mummy (D:7)
  14 gnolls
  2 adders
  A white imp (D:6)
  3 dart slugs
  94 orcs
  7 ball pythons
  4 bats
  8 endoplasms
  5 giant cockroaches
  2 goblins
  9 hobgoblins
  2 jackals (D:4)
  A quokka (D:1)
  4 frilled lizards
  15 kobolds
  6 rats
738 creatures vanquished.

Vanquished Creatures (collateral kills)
  A naga warrior (Snake:2)
  An occultist (D:12)
  A salamander (Snake:2)
  2 orc knights (Orc:2)
  An orc sorcerer (Orc:2)
  A naga mage (Snake:2)
  A black mamba (Snake:2)
  A cane toad (Lair:2)
  6 dream sheep (Lair:3)
  A naga (Snake:2)
  A hell hound (Lair:5)
  6 orc warriors (Orc:2)
  2 orc priests (Orc:2)
  2 orc wizards (Orc:2)
  2 orcs (Orc:2)
29 creatures vanquished.

Vanquished Creatures (others)
  A mana viper (Lair:2)
  A human (Snake:1)
  A naga (Snake:2)
3 creatures vanquished.

Grand Total: 770 creatures vanquished

Notes
Turn   | Place    | Note
-------+----------+-------------------------------------------
     0 | D:1      | Laraso the Draconian Shapeshifter began the quest for the
                  | Orb.
     0 | D:1      | Reached XP level 1. HP: 16/16 MP: 1/1
   138 | D:1      | Reached XP level 2. HP: 23/23 MP: 2/2
   863 | D:2      | Reached XP level 3. HP: 22/28 MP: 3/3
  1110 | D:2      | Reached XP level 4. HP: 35/35 MP: 4/4
  1724 | D:3      | Reached skill level 5 in Unarmed Combat
  2271 | D:4      | Found Nides's General Store.
  2280 | D:4      | Bought 2 potions of haste for 200 gold pieces
  2299 | D:4      | Found a bloodstained altar of Trog.
  2317 | D:4      | Found an ancient bone altar of Kikubaaqudgha.
  2343 | D:4      | Reached XP level 5. HP: 36/40 MP: 5/5
  2351 | D:4      | Identified the +9 hand axe of Ruination {venom, rCorr
                  | Str+3}
  2546 | D:4      | HP: 2/40 [poisoned by an orc wizard]
  2760 | D:4      | Found Kilot's CLEARANCE SALE!.
  2776 | D:4      | Reached skill level 4 in Shapeshifting
  2780 | D:4      | Bought a potion of heal wounds for 20 gold pieces
  2956 | D:4      | Reached XP level 6. HP: 45/47 MP: 6/6
  3119 | D:4      | Found an ornate altar of the Wu Jian Council.
  3401 | D:5      | Entered Level 5 of the Dungeon
  3416 | D:5      | Identified the +0 dagger "Cajus Cieth" {drain, rPois rF-
                  | Dex+4 SInv}
  3700 | D:5      | Your scales start taking on a fiery red colour.
  3700 | D:5      | Reached XP level 7. HP: 19/52 MP: 7/7
  3700 | D:5      | Gained mutation: Your flesh is heat resistant. (rF+) [Red
                  | Draconian growth]
  3841 | D:5      | Reached skill level 5 in Shapeshifting
  4045 | D:5      | Noticed a wraith
  4079 | D:5      | Killed a wraith
  4236 | D:5      | Noticed Menkaure
  4239 | D:5      | Killed Menkaure
  4240 | D:5      | Reached skill level 6 in Shapeshifting
  4715 | D:6      | Found a staircase to the Ecumenical Temple.
  4754 | Temple   | Entered the Ecumenical Temple
  4784 | Temple   | Became a worshipper of Makhleb the Destroyer
  4804 | D:6      | Reached XP level 8. HP: 54/59 MP: 8/8
  4969 | D:5      | Reached skill level 7 in Shapeshifting
  5319 | D:6      | Reached skill level 8 in Shapeshifting
  5367 | D:6      | Found a shimmering altar of Xom.
  5370 | D:6      | Found a shimmering altar of Xom.
  5370 | D:6      | Found a shimmering altar of Xom.
  5371 | D:6      | Found a shimmering altar of Xom.
  5371 | D:6      | Found a shimmering altar of Xom.
  5371 | D:6      | Found a shimmering altar of Xom.
  5371 | D:6      | Found a shimmering altar of Xom.
  5468 | D:6      | Found a shimmering altar of Xom.
  5735 | D:6      | Reached skill level 9 in Shapeshifting
  5909 | D:7      | Reached * piety under Makhleb
  5948 | D:7      | Paralysed by an orc wizard for 2 turns
  6111 | D:7      | Found an opulent altar of Gozag.
  6180 | D:7      | Reached XP level 9. HP: 64/64 MP: 9/9
  6683 | D:7      | Reached skill level 10 in Shapeshifting
  6875 | D:7      | Found a snail-covered altar of Cheibriados.
  6938 | D:8      | Noticed a two-headed ogre
  7070 | D:8      | Killed a two-headed ogre
  7071 | D:8      | Reached skill level 5 in Fighting
  7393 | D:8      | Found Vieliruent's Assorted Antiques.
  7406 | D:8      | Paralysed by a hornet for 3 turns
  7412 | D:8      | Paralysed by a hornet for 2 turns
  7421 | D:8      | Bought a scroll of identify for 50 gold pieces
  7749 | D:8      | Found Keump's Jewellery Emporium.
  7838 | D:8      | Noticed Jeremiah
  7848 | D:8      | Killed Jeremiah
  7991 | D:8      | Noticed a two-headed ogre
  8003 | D:8      | Killed a two-headed ogre
  8003 | D:8      | Reached ** piety under Makhleb
  8004 | D:8      | Reached skill level 11 in Shapeshifting
  8004 | D:8      | Reached XP level 10. HP: 47/81 MP: 10/10
  8004 | D:8      | Reached XP level 11. HP: 49/86 MP: 11/11
  8157 | D:8      | Reached skill level 5 in Dodging
  8211 | D:8      | Noticed Psyche
  8216 | D:8      | Killed Psyche
  8377 | D:8      | Found Erudi's Magic Scroll Shop.
  8439 | D:8      | Found a sacrificial altar of Ru.
  8439 | D:8      | Found a hide-covered altar of Uskayaw.
  8447 | D:8      | Found a faded altar of an unknown god.
  8449 | D:8      | Found a stormy altar of Qazlal.
  8451 | D:8      | Found a faded altar of an unknown god.
  8503 | D:8      | Noticed a centaur warrior
  8541 | D:8      | Killed a centaur warrior
  8542 | D:8      | Reached skill level 12 in Shapeshifting
  8714 | D:8      | Paralysed by a hornet for 1 turns
  8809 | D:9      | Noticed Pikel
  8809 | D:9      | Found a sparkling altar of Nemelex Xobeh.
  8917 | D:8      | Killed Pikel
  9401 | D:9      | Reached skill level 1 in Invocations
 10064 | D:9      | Found a staircase to the Lair.
 10188 | D:9      | Found a runed translucent door.
 10188 | D:9      | Noticed whatisthis's ghost (novice HuBe)
 10221 | D:9      | Reached *** piety under Makhleb
 10520 | Lair:1   | Entered Level 1 of the Lair of Beasts
 10530 | Lair:1   | Reached skill level 5 in Invocations
 10770 | D:9      | Reached XP level 12. HP: 74/94 MP: 16/16
 10904 | Lair:1   | Reached skill level 13 in Shapeshifting
 11873 | Lair:2   | Identified the +0 whip of Xosot {freeze, Will+}
 12050 | Lair:2   | Reached skill level 1 in Evocations
 12209 | Lair:2   | You fall into a shaft and drop 1 floor!
 12290 | Lair:3   | Reached **** piety under Makhleb
 12303 | Lair:3   | Noticed a seven-headed hydra
 12313 | Lair:3   | Killed a seven-headed hydra
 13085 | Lair:3   | Found a staircase to the Swamp.
 13442 | Lair:2   | Identified the +1 robe of the Assorted Emperors {Dex+3}
 13568 | Lair:2   | Reached skill level 14 in Shapeshifting
 13579 | Lair:2   | Reached XP level 13. HP: 105/111 MP: 18/18
 13898 | Lair:2   | Found a staircase to the Snake Pit.
 14430 | Lair:3   | Reached skill level 10 in Fighting
 15562 | Lair:4   | Found a staircase to the Slime Pits.
 15652 | Lair:3   | Reached skill level 15 in Shapeshifting
 16689 | Lair:5   | Entered Level 5 of the Lair of Beasts
 17137 | Lair:4   | Identified the +7 chain mail of an ice cave {rElec Regen+
                  | rCorr Stlth+}
 18001 | Lair:5   | Reached ***** piety under Makhleb
 18032 | Lair:5   | Reached XP level 14. HP: 110/121 MP: 19/19
 18956 | Lair:5   | Found a large runed translucent door.
 18957 | Lair:5   | Found a large runed translucent door.
 19345 | Lair:5   | Reached skill level 16 in Shapeshifting
 20162 | D:10     | Entered Level 10 of the Dungeon
 20179 | D:10     | Noticed Erolcha
 20186 | D:10     | Killed Erolcha
 20563 | D:10     | Found a staircase to the Orcish Mines.
 20620 | D:10     | Noticed Lodul
 20638 | D:10     | Paralysed by Lodul for 4 turns
 20644 | D:10     | Killed Lodul
 20771 | D:10     | Noticed Joseph
 20781 | D:10     | Killed Joseph
 22039 | D:12     | Found Ecron's Book Shoppe.
 22054 | D:12     | Bought a book of Battle for 390 gold pieces
 22298 | D:12     | Reached skill level 10 in Dodging
 22374 | D:12     | Learned a level 3 spell: Ozocubu's Armour
 22377 | D:12     | Learned a level 2 spell: Blink
 22381 | D:12     | Learned a level 3 spell: Fugue of the Fallen
 22400 | D:12     | Reached skill level 1 in Spellcasting
 23559 | D:12     | Noticed a purple very ugly thing
 23621 | D:12     | Killed a purple very ugly thing
 23866 | D:12     | Identified the +5 flail "Xostra" {drain, *Corrode Str+4}
 24152 | D:13     | Found a portal to a secret trove of treasure.
 24618 | D:13     | Reached skill level 1 in Necromancy
 24769 | D:13     | Reached skill level 17 in Shapeshifting
 24773 | D:13     | Noticed Azrael
 24775 | D:13     | Reached skill level 1 in Translocations
 24784 | D:13     | Killed Azrael
 24785 | D:13     | Reached skill level 1 in Ice Magic
 24785 | D:13     | Reached XP level 15. HP: 74/126 MP: 21/21
 25583 | D:13     | Found a gate to the Vaults.
 25585 | D:13     | Noticed a fire giant
 25620 | D:13     | Killed a fire giant
 26179 | D:14     | Identified the +8 morningstar of Kaniug {vamp, rC+ MP+9}
 26413 | D:14     | Noticed Josephine
 26427 | D:13     | Reached ****** piety under Makhleb
 26878 | D:14     | Killed Josephine
 27493 | D:15     | Entered Level 15 of the Dungeon
 27612 | Orc:1    | Entered Level 1 of the Orcish Mines
 28763 | Orc:2    | Entered Level 2 of the Orcish Mines
 29176 | Orc:2    | Found a flickering gateway to a bazaar.
 29185 | Bazaar   | Entered a bazaar
 29199 | Bazaar   | Found Cacoics's Distillery.
 29199 | Bazaar   | Found Dennabust's General Store.
 29208 | Bazaar   | Bought a potion of berserk rage for 80 gold pieces
 29219 | Bazaar   | Found Wugagh's Antique Armour Emporium.
 29235 | Bazaar   | Found Beto's Jewellery Shoppe.
 29263 | Bazaar   | Found Tusufe's Armour Shoppe.
 29311 | Bazaar   | Bought the granite talisman "Wuhow" {rC+} for 1633 gold
                  | pieces
 29643 | Orc:2    | Reached skill level 5 in Ice Magic
 30037 | Orc:2    | Found Ziunuyt's Antique Weapon Shoppe.
 30041 | Orc:2    | Found Soimalu's Jewellery Shoppe.
 30156 | Orc:2    | Found Fijuepub's Antique Armour Shoppe.
 30192 | Orc:2    | Found a staircase to the Elven Halls.
 30264 | Orc:2    | Found Erunkut's General Store.
 30561 | Orc:2    | Bought a pair of boots for 180 gold pieces
 30645 | Orc:2    | Bought a scroll of blinking for 105 gold pieces
 30936 | D:15     | Found a staircase to the Depths.
 32486 | Snake:1  | Entered Level 1 of the Snake Pit
 32486 | Snake:1  | Noticed Kirke
 32486 | Snake:1  | Found Hobremp's Book Emporium.
 32541 | Lair:2   | Killed Kirke
 32542 | Lair:2   | Reached XP level 16. HP: 134/134 MP: 22/22
 32997 | Snake:1  | Found Hiuts's Antique Weapon Shop.
 33018 | Snake:1  | You fall into a shaft and drop 1 floor!
 33094 | Snake:2  | Reached skill level 18 in Shapeshifting
 33108 | Snake:2  | HP: 5/174 [constriction (5)]
 33624 | Snake:2  | HP: 4/174 [naga/+0 halberd (32)]
 33628 | Snake:2  | Constricted to death by a naga

Illustrated notes

Levels and vault maps discovered:
D:1:      arrival_zaba_pyramid, layout_loops_ring
D:2:      layout_loops_cross, hangedman_glass_teeth, nicolae_grassy_gnolls
D:3:      layout_rooms, st_stairs_2
D:4:      layout_cave_pools, nicolae_wu_jian_glorious_leap,
          mainiacjoe_overflow_alcove_1, nicolae_kikubaaqudgha_miasma_corner,
          serial_shops, shop, hangedman_decor_growths, nicolae_shop_clearance
D:5:      layout_loops_ring, uniq_menkaure
D:6:      layout_rooms, xom_redecorated, minmay_temple_entry_wispy
D:7:      layout_rooms, slow_altar_2, mainiacjoe_overflow_six_doors_small,
          roderic_three_in_a_row
D:8:      minmay_chambers_of_sixes, layout_basic,
          chequers_temple_overflow_minitemple, serial_shops, shop,
          nicolae_shop_stone, kennysheep_mini, uniq_jeremiah, uniq_psyche
D:9:      layout_loops_ring, nemelex_xobeh_ov_fountains_minmay,
          minmay_lair_entry_grove, hellmonk_ghost_big_iron, uniq_pikel
D:10:     layout_gridville, orc_0_dummy, uniq_erolcha, uniq_joseph, uniq_lodul
D:11:     layout_cave_pools, item_on_display_a
D:12:     cheibrodos_breeding_chamber, layout_cave_pods, serial_shops, shop,
          special_room [special_room_orc]
D:13:     layout_basic, hellmonk_vaults_attempted_burglary, enter_trove_5,
          minmay_fractal_squares_gapless_5, uniq_azrael
D:14:     layout_basic, infiniplex_staircase_trident, uniq_josephine
D:15:     hangedman_depths_entry_civil_slaughter, layout_basic,
          chequers_big_river, minmay_misc_feat_alley
Temple:   chequers_temple_sunken
Lair:1:   layout_long_grid, gauntlet_entry_generic, grunt_megastairs_3
Lair:2:   layout_concentric_octagons, nicolae_snake_entry_warm_welcome,
          hibernation_bobbens, serial_bayou_shore_b
Lair:3:   layout_regular_city, skrybe_swamp_entry_bodies,
          infiniplex_staircase_pool, serial_bayou_shore_b
Lair:4:   layout_cave_shapes, slime_entry_1, serial_bayou_pond_b
Lair:5:   cheibrodos_lair_end_hotspot, layout_gridlike, disabler_island
Snake:1:  layout_onion_interference, ebering_ghost_inner_flame, serial_shops,
          shop, shop, shop_statue, lemuel_fruit_tree, uniq_aizul, uniq_kirke
Snake:2:  layout_rooms, nicolae_snake_mages_go_home
Orc:1:    layout_caves, guppyfry_library_mini
Orc:2:    grunt_orc_cross, layout_diamond_mine, serial_shops, bzr_entry_dummy,
          statue_in_the_mist_lemuel

Skill      XL: |  1  2  3  4  5  6  7  8  9 10 11 12 13 14 15 16 |
---------------+-------------------------------------------------+-----
Unarmed Combat | 4 5 6 7 12 14 | 14.5
Shapeshifting  | 4 6 9 11 12 14 15 17 18 | 18.2
Fighting       | 5 9 10 | 10.0
Dodging        | 4 5 7 10 | 10.0
Invocations    | 5 7 |  7.0
Evocations     | 3 |  3.0
Spellcasting   | 4 |  4.0
Necromancy     | 1 4 |  4.0
Translocations | 1 4 |  4.0
Ice Magic      | 1 7 |  7.0

Action                     |  1- 3 |  4- 6 |  7- 9 | 10-12 | 13-15 | 16-18 || total
---------------------------+-------+-------+-------+-------+-------+-------++-------
  Melee: Unarmed           |    81 |   116 |   227 |   379 |  1246 |   191 ||  2240
         Tailslap          |     9 |    20 |    32 |    65 |   217 |    38 ||   381
         Punch             |       |     6 |     3 |     9 |    81 |    23 ||   122
   Cast: Fugue of the Fall |       |       |       |       |    11 |     1 ||    12
         Ozocubu's Armour  |       |       |       |       |     7 |     9 ||    16
 Invoke: Lesser Servant of |       |       |       |     6 |    11 |     2 ||    19
         Minor Destruction |       |       |       |     2 |     1 |       ||     3
         Greater Servant o |       |       |       |       |     1 |     1 ||     2
Ability: Begin Untransform |     1 |     1 |       |       |     2 |       ||     4
         Breathe Fire      |       |       |    18 |    38 |    70 |       ||   126
  Evoke: Wand              |       |     7 |     1 |     3 |     1 |       ||    12
    Use: Scroll            |     7 |     4 |     4 |     4 |    18 |     2 ||    39
         Potion            |       |     5 |     2 |     3 |     2 |     4 ||    16
   Stab: Sleeping          |     1 |     2 |     1 |       |     1 |       ||     5
         Paralysed         |       |       |     2 |     1 |       |       ||     3
         Invisible         |       |       |       |     1 |       |       ||     1
         Petrified         |       |       |       |       |     7 |       ||     7
         Distracted        |       |       |       |       |     2 |       ||     2
 Armour: Skin              |    24 |    79 |   142 |   286 |   932 |   329 ||  1792
  Dodge: Dodged            |    40 |    51 |   121 |   314 |  1120 |   350 ||  1996
   Form: Beast             |     2 |     1 |       |       |       |       ||     3
         Flux              |       |       |     1 |     2 |     3 |       ||     6
         Blade             |       |       |     1 |       |     6 |       ||     7
                           |       |       |       |     1 |       |       ||     1
         Statue            |       |       |       |       |     5 |       ||     5

Table legend: (Time is in decaauts)
 A = Elapsed time spent in this place.
 B = Non-inter-level travel time spent in this place.
 C = Inter-level travel time spent in this place.
 D = Time resting spent in this place.
 E = Time spent auto-exploring this place.
 F = Levels seen in this place.
 G = Mean time per level.
                   A        B        C        D        E       F      G
               +--------+--------+--------+--------+--------+-----+--------+
         Total |  35269 |  33346 |   1923 |   9601 |  16909 |  26 | 1356.5 |
       Dungeon |  20563 |  19511 |   1052 |   4941 |  11076 |  15 | 1370.9 |
        Temple |     52 |     42 |     10 |      0 |      0 |   1 |   52.0 |
          Lair |  10003 |   9422 |    581 |   3370 |   4054 |   5 | 2000.6 |
     Snake Pit |   1086 |   1085 |      1 |    442 |    153 |   2 |  543.0 |
  Orcish Mines |   3311 |   3033 |    278 |    847 |   1469 |   2 | 1655.5 |
        Bazaar |    252 |    252 |      0 |      0 |    156 |   1 |  252.0 |
               +--------+--------+--------+--------+--------+-----+--------+

Top non-repeatable levels by time:
  Lair:5: 2981 daAuts
     D:8: 2962 daAuts
  Lair:3: 2250 daAuts
    D:12: 2247 daAuts
    D:13: 2147 daAuts
    D:15: 2093 daAuts
  Lair:2: 1936 daAuts
   Orc:2: 1866 daAuts
  Lair:4: 1756 daAuts
     D:5: 1692 daAuts
   Orc:1: 1444 daAuts
    D:14: 1322 daAuts
     D:7: 1153 daAuts
    D:10: 1103 daAuts
  Lair:1: 1079 daAuts
